 Dungeon Crawl Stone Soup version 0.30.1-4-g462c640d31 (webtiles) character file.

Game seed: 14508212368891321013

6865 booth the Cleaver (level 11, 0/85 HPs)
             Began as a Hill Orc Fighter on Sept 2, 2023.
             Was a Believer of Beogh.
             Succumbed to Psyche's arc of chaos
             ... on level 10 of the Dungeon on Sept 3, 2023.
             The game lasted 00:55:14 (10333 turns).

booth the Cleaver (Hill Orc Fighter)               Turns: 10333, Time: 00:55:14

Health: 0/85       AC:  0    Str: 22    XL:     11   Next: 6%
Magic:  11/11      EV: 17    Int: 10    God:    Beogh [**....]
Gold:   425        SH:  0    Dex: 15    Spells: 10/10 levels left

rFire   . . .        a - melded +1 war axe
rCold   . . .        c - melded +1 buckler
rNeg    . . .        h - melded +0 fire dragon scales
rPois   .            p - melded +0 helmet
rElec   .            m - melded +0 cloak
rCorr   .            e - melded +0 pair of gloves
SInv    .            (boots currently unavailable)
Will    .....        (no amulet)
Stlth   +            i - melded +6 ring of dexterity
HPRegen 0.34/turn    k - melded +6 ring of strength
MPRegen 0.12/turn

%: no passive effects
@: lethally poisoned (0 -> -8), bat-form, flying, very quick
A: fast, flying, no casting, tiny, frail 1, subdued magic 1, inability to drink
after injury 1
a: Renounce Religion, Smiting


You were on level 10 of the Dungeon.
You worshipped Beogh.
Beogh was pleased with you.
You were a bat.
You visited 1 branch of the dungeon, and saw 10 of its levels.

You collected 425 gold pieces.

Inventory:

Hand Weapons
 a - a +1 war axe (melded)
 D - a +4 flail of venom
Missiles
 w - 9 poisoned darts (quivered)
 L - 5 curare-tipped darts
Armour
 c - a +1 buckler (melded)
 e - a +0 pair of gloves (melded)
 h - +0 fire dragon scales (melded)
 m - a +0 cloak (melded)
 p - a +0 helmet (melded)
 B - a +1 scale mail of poison resistance
Jewellery
 i - a +6 ring of dexterity (melded)
 k - a +6 ring of strength (melded)
 l - a ring of flight
 r - a +4 ring of slaying
 s - the amulet of Ejutomoz {Acrobat Contam Harm +Inv rF+}
   (You found it on level 5 of the Dungeon)

   [amulet of the acrobat]

   It increases your evasion while moving and waiting.
   rF:        It protects you from fire.
   +Inv:      It lets you turn invisible.
   Contam:    It causes magical contamination when unequipped.
   Harm:      It increases damage dealt and taken.
 C - a ring of resist corrosion
 F - a ring of see invisible
 I - a ring of ice
Wands
 o - a wand of flame (36)
 q - a wand of charming (17)
 y - a wand of mindburst (18)
 H - a wand of light (9)
 J - a wand of polymorph (7)
 O - a wand of roots (6)
Scrolls
 b - 2 scrolls of magic mapping
 j - a scroll of silence
 n - a scroll of blinking
Potions
 d - 2 potions of attraction
 f - 2 potions of curing
 g - 2 potions of flight
 u - a potion of lignification
 x - a potion of brilliance
 A - a potion of haste
 E - a potion of degeneration {unknown}
 G - a potion of ambrosia
 K - a potion of might


   Skills:
 + Level 8.9 Fighting
 * Level 12.7(13.8) Axes
 + Level 7.2(10.0) Maces & Flails
 + Level 8.2 Armour
 + Level 8.2 Shields


You had 10 spell levels left.
You didn't know any spells.
Your spell library contained the following spells:

 Spells                   Type           Power      Damage    Failure   Level
 Beastly Appendage        Tmut           0%         N/A       32%         1
 Kiss of Death            Conj/Necr      0%         2d5       32%         1
 Magic Dart               Conj           0%         1d3       32%         1
 Summon Small Mammal      Summ           0%         N/A       32%         1
 Call Imp                 Summ           0%         N/A       45%         2
 Lesser Beckoning         Tloc           0%         N/A       45%         2
 Sublimation of Blood     Necr           0%         N/A       45%         2
 Wereblood                Tmut           0%         N/A       45%         2
 Call Canine Familiar     Summ           0%         N/A       71%         3
 Confusing Touch          Hex            0%         N/A       71%         3
 Gell's Gravitas          Tloc           0%         N/A       71%         3
 Mephitic Cloud           Conj/Pois/Air  0%         N/A       71%         3
 Ozocubu's Armour         Ice            0%         N/A       71%         3
 Spider Form              Tmut/Pois      0%         N/A       71%         3
 Summon Guardian Golem    Hex/Summ       0%         N/A       71%         3
 Teleport Other           Tloc           0%         N/A       71%         3
 Volatile Blastmotes      Fire/Tloc      0%         2d10      71%         3
 Dispel Undead            Necr           0%         3d6       98%         4
 Fulminant Prism          Conj/Hex       0%         3d5       98%         4
 Iskenderun's Mystic Bla  Conj/Tloc      0%         2d3       98%         4
 Summon Lightning Spire   Summ/Air       0%         N/A       98%         4
 Lee's Rapid Deconstruct  Erth           0%         3d4*      100%        5
 Summon Mana Viper        Hex/Summ       0%         N/A       100%        5
 Death Channel            Necr           0%         N/A       100%        6
 Ozocubu's Refrigeration  Ice            0%         4d7       100%        7
 Summon Hydra             Summ           0%         N/A       100%        7


Dungeon Overview and Level Annotations

Branches:
Dungeon (10/15)            Temple (0/1) D:5
   Lair: D:8-11         Orc: D:9-12

Altars:
Ashenzari
Dithmenos
Elyvilon
Gozag
Makhleb
Nemelex Xobeh
Qazlal
Uskayaw
Wu Jian
Xom
Yredelemnul
Zin

Shops:
D:4 (   D:7 =

Annotations:
D:10 Psyche


Innate Abilities, Weirdness & Mutations

You are a bat.
You are tiny and dextrous.
You move quickly.
You are flying.
Your equipment is almost entirely melded.
You are incapable of wielding weapons or throwing items.
You cannot cast spells.
You are frail. (-10% HP)
Your spells are a little easier to cast, but a little less powerful.
You occasionally lose the ability to drink potions when taking damage.


Message History

You hit Psyche.
Psyche is severely wounded.
You feel very sick.
Psyche hits you with a +1 dagger of chaos!
Psyche freezes you.
You hit Psyche.
Psyche is severely wounded.
You feel sick.
Psyche hits you with a +1 dagger of chaos.
Psyche burns you.
You feel sick.
You hit Psyche.
Psyche is almost dead.
You feel sick.
Psyche gestures wildly while chanting.
Psyche flickers and vanishes!
Deactivating autopickup; reactivate with Ctrl-A.
You feel sick. Something hits you!
* * * LOW HITPOINT WARNING * * *
You feel sick.
You feel sick.
You feel sick.
You feel sick.
You feel sick.
You feel sick.
You are no longer poisoned.
You hear some strange, mumbled words.
A swirling arc of seething chaos appears!
An arc of chaos appears from out of thin air!
The arc of chaos hits you.
You are poisoned.
* * * LOW HITPOINT WARNING * * *
You feel sick.
You hear some strange, mumbled words.
A swirling arc of seething chaos appears!
An arc of chaos appears from out of thin air!
The arc of chaos hits you.
You are lethally poisoned!
* * * LOW HITPOINT WARNING * * *
You die...

##########################
................b....{...#
#######################..#
#..# #..# #..# #..# #..#
#..# #..#


There were no monsters in sight!

Vanquished Creatures
  Erolcha (D:10)
  A two-headed ogre (D:8)
  2 tengu conjurers (D:8)
  A hornet (D:9)
  Sigmund (D:7)
  A wyvern (D:8)
  10 yaks
  A vampire (D:9)
  Edmund (D:7)
  An acid dragon (D:8)
  2 water moccasins
  An orc warrior (D:9)
  A sky beast (D:6)
  2 black bears
  3 ogres
  2 centaurs
  A phantom (D:6)
  Blork the orc (D:4)
  4 bullfrogs
  A kobold brigand (D:9)
  2 scorpions
  A gnoll sergeant (D:9)
  4 killer bees (D:10)
  4 howler monkeys
  A hound (D:5)
  7 orc priests
  Crazy Yiuf (D:5)
  4 jellies
  2 sleepcaps
  Jessica (D:3)
  5 iguanas
  Ijyb (D:4)
  2 orc wizards (D:6)
  Robin (D:4)
  9 gnolls
  4 adders
  A white imp (D:7)
  An ufetubus (D:5)
  2 dart slugs
  24 orcs
  4 bats
  7 endoplasms
  2 giant cockroaches (D:4)
  11 goblins
  13 hobgoblins
  4 jackals (D:2)
  12 kobolds
  4 quokkas
  7 ball pythons
  A frilled lizard (D:3)
  5 rats
185 creatures vanquished.

Notes
Turn   | Place    | Note
-------+----------+-------------------------------------------
     0 | D:1      | booth the Hill Orc Fighter began the quest for the Orb.
     0 | D:1      | Reached XP level 1. HP: 19/19 MP: 1/1
   140 | D:1      | Reached skill level 3 in Axes
   140 | D:1      | Reached XP level 2. HP: 26/27 MP: 2/2
   390 | D:1      | Found a faded altar of an unknown god.
   884 | D:2      | Found a glowing silver altar of Zin.
   998 | D:2      | Reached XP level 3. HP: 31/33 MP: 3/3
  1754 | D:3      | Noticed Jessica
  1759 | D:3      | Killed Jessica
  1760 | D:3      | Reached XP level 4. HP: 41/41 MP: 4/4
  1802 | D:3      | Noticed an angel
  1806 | D:3      | Found a glowing silver altar of Zin.
  1808 | D:3      | Found a shimmering altar of Xom.
  2020 | D:3      | Found a stormy altar of Qazlal.
  2167 | D:3      | Noticed an ogre
  2182 | D:3      | Killed an ogre
  2183 | D:3      | Reached skill level 4 in Axes
  2183 | D:3      | Reached skill level 1 in Maces & Flails
  2183 | D:3      | Reached XP level 5. HP: 47/47 MP: 5/5
  2291 | D:4      | Found Rimow's Weapon Emporium.
  2324 | D:4      | Noticed an ogre
  2344 | D:4      | Killed an ogre
  2345 | D:4      | Reached skill level 5 in Axes
  2345 | D:4      | Reached XP level 6. HP: 37/55 MP: 6/6
  2419 | D:4      | Identified the staff of conjuration "Piraim" {rElec rC++}
  2470 | D:4      | Noticed Robin
  2486 | D:4      | Killed Robin
  2538 | D:4      | Became a worshipper of Beogh the Brigand
  2698 | D:4      | Noticed Blork the orc
  2708 | D:4      | Killed Blork the orc
  2709 | D:4      | Reached skill level 5 in Fighting
  2848 | D:4      | Noticed Ijyb
  2884 | D:4      | Killed Ijyb
  2885 | D:4      | Reached XP level 7. HP: 58/61 MP: 7/7
  3047 | D:4      | Got the Atlas of Amalgamated Unspeakable Ceremonies
  3185 | D:4      | Gained mutation: You occasionally lose the ability to drink
                  | potions when taking damage. [potion of mutation]
  3185 | D:4      | Gained mutation: Your spells are a little easier to cast,
                  | but a little less powerful. [potion of mutation]
  3185 | D:4      | Gained mutation: You are frail. (-10% HP) [potion of
                  | mutation]
  3205 | D:5      | Entered Level 5 of the Dungeon
  3310 | D:5      | Reached skill level 6 in Axes
  3339 | D:5      | Reached skill level 5 in Armour
  3470 | D:5      | Reached skill level 5 in Shields
  3618 | D:5      | Found a staircase to the Ecumenical Temple.
  3713 | D:5      | Reached * piety under Beogh
  3882 | D:5      | Reached skill level 7 in Axes
  3882 | D:5      | Reached XP level 8. HP: 58/63 MP: 8/8
  3938 | D:5      | Identified the amulet of Ejutomoz {Acrobat Contam Harm +Inv
                  | rF+}
  4452 | D:5      | Found a runed translucent door.
  4453 | D:5      | Noticed Crazy Yiuf
  4458 | D:5      | Killed Crazy Yiuf
  4676 | D:6      | Found a broken altar of Ashenzari.
  4680 | D:6      | Saw a vision of the Shoals and the Spider Nest.
  4680 | D:6      | Noticed a water nymph
  4680 | D:6      | Noticed a harpy
  4680 | D:6      | Noticed a snapping turtle
  4680 | D:6      | Noticed a sea snake
  4680 | D:6      | Noticed a water elemental
  4680 | D:6      | Noticed a manticore
  4680 | D:6      | Noticed a tarantella
  4680 | D:6      | Noticed a moth of wrath
  4680 | D:6      | Noticed a culicivora
  4680 | D:6      | Noticed a boulder beetle
  4680 | D:6      | Noticed a torpor snail
  4680 | D:6      | Noticed a demonic crawler
  4681 | D:6      | Noticed an entropy weaver
  4681 | D:6      | Noticed a jumping spider
  4682 | D:6      | Noticed a tarantella
  4682 | D:6      | Noticed a meliai
  4683 | D:6      | Noticed a manticore
  4683 | D:6      | Noticed an entropy weaver
  4684 | D:6      | Noticed a wolf spider
  4685 | D:6      | Noticed a tarantella
  4865 | D:6      | Reached skill level 8 in Axes
  5031 | D:6      | Found a sparkling altar of Nemelex Xobeh.
  5031 | D:6      | Found a faded altar of an unknown god.
  5039 | D:6      | Found a white marble altar of Elyvilon.
  5042 | D:6      | Found a burning altar of Makhleb.
  5044 | D:6      | Found a faded altar of an unknown god.
  5969 | D:7      | Found Gejozoaphonk's One-of-a-Kind Rings.
  6192 | D:7      | Reached XP level 9. HP: 63/70 MP: 9/9
  6206 | D:7      | Reached ** piety under Beogh
  6284 | D:7      | Found a basalt altar of Yredelemnul.
  6335 | D:7      | Found an ornate altar of the Wu Jian Council.
  6430 | D:7      | Reached skill level 9 in Axes
  6767 | D:7      | Noticed Sigmund
  6769 | D:7      | Noticed Edmund
  6784 | D:7      | Killed Edmund
  6786 | D:7      | Killed Sigmund
  6787 | D:7      | Reached skill level 5 in Maces & Flails
  7023 | D:7      | Found a shadowy altar of Dithmenos.
  7303 | D:8      | Noticed a two-headed ogre
  7320 | D:8      | Killed a two-headed ogre
  7321 | D:8      | Reached skill level 10 in Axes
  7683 | D:8      | Reached XP level 10. HP: 36/79 MP: 10/10
  7939 | D:8      | Found an opulent altar of Gozag.
  8038 | D:8      | Found the sphere of Battle
  8058 | D:8      | Reached skill level 11 in Axes
  9140 | D:9      | Noticed a +0 dagger
  9140 | D:9      | Noticed a +0 hand axe
  9144 | D:9      | Found a hide-covered altar of Uskayaw.
  9461 | D:9      | Reached skill level 12 in Axes
  9911 | D:10     | Entered Level 10 of the Dungeon
  9921 | D:10     | Noticed Erolcha
  9938 | D:10     | Killed Erolcha
  9939 | D:10     | Reached XP level 11. HP: 85/85 MP: 11/11
 10297 | D:10     | Noticed Psyche
 10332 | D:10     | HP: 1/85 [something/chain of chaos (5)]
 10333 | D:10     | Succumbed to Psyche's arc of chaos

Illustrated notes

Levels and vault maps discovered:
D:1:      spicycebolla_arrival_clurvy, layout_loops_ring,
          chequers_ecumenical_altar_grove, chequers_serial_rivers_large_a,
          minmay_crystal_room
D:2:      layout_loops_cross, basic_altar, minmay_misc_feat_x,
          kennysheep_generic_room_5
D:3:      layout_rooms, grunt_qazlal_sundering,
          grunt_temple_overflow_order_and_chaos_1, uniq_jessica
D:4:      layout_loops_cross, serial_shops, nicolae_shop_bloodbath_and_beyond,
          uniq_ijyb, uniq_blork_the_orc, uniq_robin
D:5:      layout_basic, minmay_temple_entry_overgrown, minmay_pentangle,
          uniq_crazy_yiuf_cottage
D:6:      layout_cave_pools, grunt_ashenzari_visionary
          [grunt_ashenzari_visionary_shoals, grunt_ashenzari_visionary_spider],
          chequers_temple_overflow_minitemple, serial_co_window_serial,
          co_window_corner_a, co_window_paths_b, co_window_corner_a,
          co_window_paths_b, co_window_paths_b, co_window_paths_a,
          co_window_paths_b, co_window_paths_a, co_window_of_opportunity_a,
          co_window_of_opportunity_b, co_window_broadway_c,
          co_window_of_opportunity_c, glass_columns_b, hangedman_glass_teeth
D:7:      layout_rooms, mainiacjoe_overflow_small_starburst,
          mainiacjoe_overflow_six_doors_small, kennysheep_mini_moat,
          amcnicky_mini_rare_corridor_liquid, nicolae_shop_unique_rings,
          minmay_liquid_box, sigmund_edmund_badplayer
D:8:      layout_basic, nicolae_gozag_seed_capital,
          hellmonk_guarded_unrand_sphere_of_battle
D:9:      layout_big_octagon, dancing_weapons_uskayaw
D:10:     layout_small_grid, lemuel_round_altar, mainiacjoe_overflow_alcove_1,
          nicolae_vehumet_radiance, uniq_psyche, uniq_harold, uniq_fannar,
          uniq_erolcha, uniq_maurice

Skill      XL: |  1  2  3  4  5  6  7  8  9 10 |
---------------+-------------------------------+-----
Axes           | 3 4 5 7 8 10 12 | 12.7
Fighting       | 4 5 6 7 8 |  8.9
Maces & Flails | 1 2 3 4 5 7 |  7.2
Armour         | 4 5 6 7 8 |  8.2
Shields        | 4 5 6 7 8 |  8.2

Action                     |  1- 3 |  4- 6 |  7- 9 | 10-12 || total
---------------------------+-------+-------+-------+-------++-------
  Melee: War axe           |   118 |   111 |   326 |   161 ||   716
         Unarmed           |       |       |       |    14 ||    14
  Throw: Dart              |       |       |    12 |    18 ||    30
 Invoke: Convert to Beogh  |       |     1 |       |       ||     1
         Smiting           |       |       |       |     1 ||     1
  Evoke: Wand              |       |       |       |     9 ||     9
    Use: Potion            |     3 |     3 |     4 |     7 ||    17
         Scroll            |     2 |       |     4 |     6 ||    12
   Stab: Invisible         |       |       |       |     6 ||     6
 Armour: Scale mail        |    33 |       |       |       ||    33
         Fire dragon scale |    26 |    61 |   163 |    57 ||   307
         Skin              |       |       |       |     1 ||     1
  Dodge: Dodged            |    49 |    41 |   119 |    72 ||   281
  Block: Buckler           |    41 |    22 |   106 |    77 ||   246
